 Dungeon Crawl Stone Soup version 0.26.1-2-gb8aa6d0cf2 (webtiles) character file.

Game seed: 10897604748304596744

408 Vrisskers the Tainter (level 6, -2/36 HPs)
             Began as an Octopode Venom Mage on Feb 9, 2021.
             Was an Initiate of Nemelex Xobeh.
             Incinerated by a smoke demon (6 damage)
             ... with a sticky flame
             ... on level 5 of the Dungeon.
             The game lasted 00:17:14 (5247 turns).

Vrisskers the Tainter (Octopode Venom Mage)         Turns: 5247, Time: 00:17:14

Health: -2/36      AC:  1    Str:  7    XL:     6   Next: 88%
Magic:  9/9        EV: 14    Int: 22    God:    Nemelex Xobeh [......]
Gold:   230        SH:  0    Dex: 14    Spells: 0/9 levels left

rFire    . . .     SeeInvis .   a - +2 dagger (speed)
rCold    . . .     Faith    .   (no shield)
rNeg     + . .     Spirit   .   (helmet restricted)
rPois    .         Reflect  .   (no amulet)
rElec    .         Harm     .   t - ring "Xacu" {*Tele *Contam rN+ Will+++ Int+4}
rCorr    .         Rampage  .   (no ring)
Will     +++..     Rnd*Tele +   (no ring)
Stlth    ++........             (no ring)
HPRegen  0.12/turn              (no ring)
MPRegen  0.11/turn              (no ring)
                                (no ring)
                                (no ring)

@: liquid flames, about to teleport, glowing
A: almost no armour, stealthy swim, amphibious, 8 rings, constrict 8, camouflage
1, gelatinous body 1
a: Renounce Religion, Draw Escape, Draw Destruction, Draw Summoning


You were on level 5 of the Dungeon.
You worshipped Nemelex Xobeh.
Nemelex Xobeh was noncommittal.
You visited 2 branches of the dungeon, and saw 6 of its levels.
You also visited: Ossuary.

You collected 230 gold pieces.

Inventory:

Hand Weapons
 a - a +2 dagger of speed (weapon)
 b - a +2 vampiric trident
 g - a +0 dagger
 k - a +0 spear
Missiles
 e - 156 stones
 o - 13 poisoned darts
Armour
 n - a +0 buckler
Jewellery
 t - the ring "Xacu" (left tentacle) {*Tele *Contam rN+ Will+++ Int+4}
   (You found it on level 4 of the Dungeon)

   [ring of teleportation]

   It may teleport you next to monsters.
   It affects your intelligence (+4).
   It protects you from negative energy.
   It affects your willpower, your defense against some magical effects.
   It causes magical contamination when unequipped.
Scrolls
 d - 2 scrolls of identify
 f - a scroll of fear {unknown}
 h - 4 scrolls of remove curse
 j - a scroll of teleportation
Potions
 c - a potion of curing
 i - 2 potions of attraction {unknown}
 l - a potion of heal wounds
 m - a potion of resistance
 q - 3 potions of might
 s - a potion of ambrosia
 u - a potion of cancellation {unknown}


   Skills:
 - Level 3.0 Dodging
 - Level 3.0 Stealth
 - Level 2.0 Spellcasting
 - Level 2.0 Transmutations
 * Level 8.2 Poison Magic


You couldn't memorise any spells.
You knew the following spells:

 Your Spells              Type           Power        Failure   Level
a - Sting                 Tmut/Pois      96%          1%          1
b - Poisonous Vapours     Pois/Air       40%          3%          2
c - Mephitic Cloud        Conj/Pois/Air  14%          14%         3
d - Ignite Poison         Fire/Tmut/Pois 17%          11%         3

Your spell library contained the following spells:

 Spells                   Type           Power        Failure   Level
 Olgreb's Toxic Radiance  Pois           38%          4%          4


Dungeon Overview and Level Annotations

Branches:
Dungeon (5/15)             Temple (1/1) D:4         Ossuary (visited)

Altars:
Ashenzari
Cheibriados
Dithmenos
Elyvilon
Gozag
Hepliaklqana
Kikubaaqudgha
Makhleb
Nemelex Xobeh
Okawaru
Qazlal
Ru
Sif Muna
Trog
Uskayaw
Vehumet
Wu Jian
Xom
Yredelemnul
Zin

Annotations:
D:5 Edmund


Innate Abilities, Weirdness & Mutations

You cannot wear most types of armour.
You are very stealthy in the water. (Stealth+)
You are amphibious.
You can wear up to eight rings at the same time.
You can use your tentacles to constrict eight enemies at once.
Your skin changes colour to match your surroundings (Stealth+).
Your rubbery body absorbs attacks. (AC +1, EV +1)


Message History

t - Shout!
Orders for allies: a - Attack new target. r - Retreat! s - Stop attacking. g - Guard the area. f - Follow me.
Anything else - Cancel.
Okay, then.
As you read the scroll of teleportation, it crumbles to dust.
You feel strangely unstable. The smoke demon gestures at you.
The sticky flame hits you.
You are covered in liquid flames!
There is a collapsed entrance here.
You are covered in liquid flames!
The smoke demon misses you. The smoke demon hits you.
* * * LOW HITPOINT WARNING * * *
The smoke demon hits you.
* * * LOW HITPOINT WARNING * * *
You are covered in liquid flames!
You die...
Your body disappears without additional glow.

#.........#....###....#
.#......###.......# .#.
#......# #.......##... .
###.....###.......#....
...#.....4.#...#[........#
#........#####....<......#
####...4#######'........##
##.3#.3.#...#........#
####..@#.>.##....#..#
#...#...##...###..#
##########...# S##
#...#...##...##
#.>.#.>.##....#..#
##...#...#........#
#'#######'........#
#.######.......####
#..............#


You could see a hellwing and a smoke demon.

Vanquished Creatures
  An ogre (D:2)
  A hound (D:5)
  A worker ant (D:5)
  Robin (D:2)
  7 gnolls
  8 adders
  3 oozes
  A worm (D:2)
  A dart slug (D:1)
  A leopard gecko (D:5)
  A ball python (D:2)
  6 bats
  2 giant cockroaches
  2 gnoll zombies (Ossuary)
  17 goblins
  5 hobgoblins
  12 jackals
  9 kobolds
  3 quokkas
  2 frilled lizards (D:1)
  2 gnoll skeletons (Ossuary)
  5 goblin skeletons (Ossuary)
  5 goblin zombies (Ossuary)
  4 hobgoblin skeletons (Ossuary)
  2 kobold skeletons (Ossuary)
  2 kobold zombies (Ossuary)
  3 orc skeletons (Ossuary)
  12 rats
  A rat skeleton (Ossuary)
  4 rat zombies (Ossuary)
124 creatures vanquished.

Vanquished Creatures (others)
  A goblin skeleton (Ossuary)
  A kobold skeleton (Ossuary)
2 creatures vanquished.

Grand Total: 126 creatures vanquished

Notes
Turn   | Place    | Note
-------+----------+-------------------------------------------
     0 | D:1      | Vrisskers the Octopode Venom Mage began the quest for the
                  | Orb.
     0 | D:1      | Reached XP level 1. HP: 11/11 MP: 3/3
   128 | D:1      | Reached XP level 2. HP: 10/17 MP: 0/5
   133 | D:1      | Learned a level 2 spell: Poisonous Vapours
   307 | D:1      | Reached skill level 4 in Poison Magic
   455 | D:1      | Reached XP level 3. HP: 14/21 MP: 3/6
   459 | D:1      | Learned a level 3 spell: Mephitic Cloud
   972 | D:2      | Noticed Robin
  1093 | D:1      | Reached XP level 4. HP: 14/27 MP: 7/7
  1436 | D:2      | Reached skill level 5 in Poison Magic
  1508 | D:2      | Noticed an ogre
  1532 | D:2      | Killed an ogre
  1533 | D:2      | Reached skill level 6 in Poison Magic
  1533 | D:2      | Reached XP level 5. HP: 31/31 MP: 0/8
  2026 | D:2      | Killed Robin
  2318 | D:2      | Noticed a moth of wrath
  2321 | D:2      | Found a bloodstained altar of Trog.
  2436 | D:2      | Reached XP level 6. HP: 33/36 MP: 5/9
  2470 | D:2      | Learned a level 3 spell: Ignite Poison
  2548 | D:2      | Reached skill level 7 in Poison Magic
  3559 | D:3      | Found a shadowy altar of Dithmenos.
  3559 | D:3      | Found a white marble altar of Elyvilon.
  3565 | D:3      | Found a faded altar of an unknown god.
  3567 | D:3      | Found a burning altar of Makhleb.
  3577 | D:3      | Found an iron altar of Okawaru.
  3600 | D:3      | > ALL ABOOOARD :U
  3600 | D:3      | Became a worshipper of Makhleb the Destroyer
  3600 | D:3      | Reached * piety under Makhleb
  3708 | D:4      | Got a pitted amber ring
  3710 | D:4      | Identified the ring "Xacu" {*Tele *Contam rN+ Will+++
                  | Int+4} (You found it on level 4 of the Dungeon)
  3800 | D:4      | Found a staircase to the Ecumenical Temple.
  3841 | Temple   | Entered the Ecumenical Temple
  3982 | Temple   | Fell from the grace of Makhleb
  3982 | Temple   | Became a worshipper of Nemelex Xobeh the Trickster
  4476 | D:5      | Entered Level 5 of the Dungeon
  4522 | D:5      | Reached skill level 8 in Poison Magic
  4551 | D:5      | Noticed Edmund
  4559 | D:5      | Found a sand-covered staircase.
  4627 | Ossuary  | Entered an ossuary
  4891 | Ossuary  | Noticed an orange demon
  4967 | Ossuary  | Noticed a smoke demon
  4982 | Ossuary  | HP: 1/36 [smoke demon/divine providence[the fury of
                  | Makhleb] (14)]
  5223 | Ossuary  | Noticed a hellwing
  5244 | D:5      | Noticed a smoke demon
  5244 | D:5      | Noticed a neqoxec
  5247 | D:5      | Incinerated by a smoke demon

Illustrated notes

#.....# #.#####'#
..##..# #.#####.#####
.####.##
###.........## .#
#..####..#######..###
##
##.##_..###_._###.._#
#
#..###..##...##..###
# ##.# ##.........##
# #.# #####...#### #
#.# #...##@## #
#.###...#### #
#.......# # ####....#
# #....# # ##...# #
#...# # #...# #####


Turn 3600 on D:3: > ALL ABOOOARD :U

Levels and vault maps discovered:
D:1:      dpeg_arrival_erosion, layout_rooms
D:2:      layout_loops_cross, tgw_trog, minmay_heptomino_o4, uniq_robin
D:3:      layout_rooms, chequers_temple_overflow_minitemple
D:4:      layout_rooms, minmay_temple_entry_grid, chequers_serial_rivers_marsh
D:5:      layout_cave_pools, nicolae_ossuary_entry_false_entrances,
          kennysheep_generic_room_15, uniq_sigmund, uniq_edmund, uniq_grinder
Temple:   regret_index_temple_waves

Skill      XL: |  1  2  3  4  5  6 |
---------------+-------------------+-----
Stealth        | 3 |  3.0
Poison Magic   | 4 6 8 |  8.2
Transmutations | 2 |  2.0
Dodging        | 3 |  3.0
Spellcasting   | |  2.0

Action                   |  1- 3 |  4- 6 || total
-------------------------+-------+-------++-------
Melee: Unarmed           |     8 |       ||     8
       Constrict         |     7 |    42 ||    49
       Dagger            |     2 |    81 ||    83
       Tentacles         |     6 |    21 ||    27
       Spear             |    19 |    47 ||    66
       Trident           |       |    22 ||    22
 Cast: Sting             |    24 |    43 ||    67
       Poisonous Vapours |    10 |    15 ||    25
       Mephitic Cloud    |       |     2 ||     2
       Ignite Poison     |       |     1 ||     1
  Use: Scroll            |       |    11 ||    11
       Potion            |       |     3 ||     3
 Stab: Sleeping          |       |     5 ||     5
Armor: Skin              |     8 |     9 ||    17
Dodge: Dodged            |    44 |    86 ||   130
